AoeStats
← Alexspiration

Arena

508941525Analyzed
2v2 RM · 9d ago on Sep 24, 2026· 44m 38s· 4 players
Game mode
Random Map
Map size
Medium (4 player)
Population
200
Speed
Normal
Resources
Standard
Victory
Conquest
Starting age
Dark Age
Ending age
Imperial Age
RankedLock teamsTeams togetherTeam positionsShared explorationLock speedFull tech treeHidden civsTurbo modeCheats
Victory
Defeat
🇩🇪 Goths · Germany
1462
+17
🇩🇪 Gurjaras · Germany
1461
+17
🇲🇽 Poles · Mexico
1483
-17
🇲🇽 Khmer · Mexico
1479
-17
Alexspiration
9:43 Feudal Age
14:13 Castle Age
12:38 Double-Bit Axe
12:55 Horse Collar
13:44 Gold Mining
20:59 Wheelbarrow
21:10 Town Watch
26:41 Imperial Age
24:13 Stone Mining
24:55 Bow Saw
25:09 Scale Mail Armor
25:19 Forging
25:22 Squires
25:11 Loom
26:16 Chain Mail Armor
27:33 Iron Casting
27:22 Hand Cart
27:41 Anarchy
28:02 Conscription
30:38 Scale Barding Armor
31:37 Chemistry
30:58 Ballistics
30:46 Fletching
30:57 Padded Archer Armor
30:35 Pikeman
32:17 Blast Furnace
31:06 Elite Skirmisher
32:28 Bodkin Arrow
32:50 Masonry
32:34 Halberdier
34:23 Leather Archer Armor
35:07 Bracer
35:24 Perfusion
36:15 Ring Archer Armor
37:49 Architecture
37:00 Treadmill Crane
40:56 Murder Holes
42:29 Two-Man Saw
42:37 Elite Huskarl
I_hate_arabia
8:42 Feudal Age
9:45 Feudal Age
13:49 Castle Age
12:12 Double-Bit Axe
13:11 Horse Collar
14:21 Town Watch
20:37 Wheelbarrow
20:09 Loom
21:58 Town Watch
24:04 Redemption
24:37 Hand Cart
29:11 Imperial Age
27:24 Bow Saw
27:45 Gold Mining
28:41 Kshatriyas
29:37 Forging
29:55 Heavy Plow
31:37 Crop Rotation
32:10 Conscription
32:48 Heavy Camel Rider
34:44 Scale Barding Armor
35:08 Fervor
37:01 Chain Barding Armor
37:36 Husbandry
37:47 Bloodlines
39:23 Plate Barding Armor
40:19 Iron Casting
39:45 Elite Shrivamsha Rider
42:04 Fletching
42:15 Scale Mail Armor
42:15 Padded Archer Armor
42:41 Town Patrol
42:03 Light Cavalry
43:26 Gold Shaft Mining
42:46 Stone Mining
UrielMazatzi
3:02 Loom
4:03 Loom
10:26 Feudal Age
14:44 Castle Age
12:42 Double-Bit Axe
13:03 Horse Collar
16:02 Bow Saw
22:33 Loom
22:34 Town Watch
23:24 Wheelbarrow
28:24 Imperial Age
25:54 Stone Mining
25:54 Gold Mining
26:26 Heavy Plow
26:56 Hand Cart
30:06 Chemistry
29:50 Padded Archer Armor
30:00 Light Cavalry
30:50 Bloodlines
30:41 Husbandry
31:07 Leather Archer Armor
31:01 Scale Barding Armor
30:59 Hussar
31:52 Forging
32:19 Ring Archer Armor
31:56 Scale Barding Armor
32:18 Conscription
33:47 Iron Casting
35:19 Chain Barding Armor
36:35 Plate Barding Armor
37:01 Blast Furnace
41:18 Heavy Scorpion
42:28 Ballistics
42:42 Double Crossbow
TBO Comico
10:28 Feudal Age
14:30 Castle Age
13:26 Loom
14:24 Double-Bit Axe
16:46 Horse Collar
29:31 Heavy Plow
32:42 Imperial Age
30:42 Bow Saw
31:29 Szlachta Privileges
32:03 Scale Barding Armor
32:10 Forging
32:58 Pikeman
33:39 Squires
33:25 Arson
36:06 Cavalier
36:57 Bloodlines
36:48 Husbandry
Connection lost

Rejoining the realm…

Still unreachable

The connection could not be restored.

Session expired

The server has moved on; the page needs a fresh start.